VOD

https://www.youtube.com/watch?v=znh0d-OMQU8&feature=youtu.be

Replay - Tropical Mine Storm

Build Order

Get SALT Encoding   

  12  0:01  SCV  
  13  0:13  SCV  
  14  0:17  Supply Depot  
  14  0:25  SCV  
  15  0:28  Refinery  
  15  0:40  Barracks  
  15  0:44  SCV  
  16  0:57  Refinery, SCV  
  17  1:09  SCV  
  18  1:21  SCV  
  19  1:30  Factory  
  19  1:33  SCV  
  19  1:34  Barracks Tech Lab  
  20  1:49  Orbital Command  
  20  2:01  Factory  
  20  2:26  Cyclone  
  23  2:30  Supply Depot  
  23  2:39  Supply Depot  
  23  2:51  Widow Mine  
  23  2:52  SCV  
  26  3:01  Cyclone  
  26  3:04  SCV  
  30  3:07  Supply Depot  
  30  3:23  Widow Mine  
  31  3:37  Cyclone  
  34  3:55  Widow Mine  
  35  4:03  Command Center  
  38  4:20  SCV  
  36  4:26  Starport  
  36  4:28  Widow Mine  
  38  4:37  Cyclone  
  41  4:40  SCV  
  41  4:43  Barracks Reactor  
  42  4:53  SCV  
Spawning Tool Build Advisor. Get it on Overwolf

Go to:

Details

  • Created by: bakemonoda
  • Published on: Jan 08, 2016
  • Modified on: Jan 14, 2016
  • Patch: Pre-3.8.0
Show
View Real Time Build Order
Export as new Build Order

Comments (1)

On Jan. 14, 2016, 3:30 a.m., snowhite  said:

Very nice :)

Create an account to comment!